 Dungeon Crawl Stone Soup version 0.28-a0-691-gad6df49e81 (webtiles) character file.

Game seed: 14688562312991530246

133 ytrimaz the Ducker (level 5, -1/36 HPs)
             Began as an Octopode Fighter on Oct 20, 2021.
             Slain by a goblin (5 damage)
             ... led by Robin
             ... on level 3 of the Dungeon.
             The game lasted 00:03:01 (2397 turns).

ytrimaz the Ducker (Octopode Fighter)               Turns: 2397, Time: 00:03:02

Health: -1/36      AC:  1    Str: 17    XL:     5   Next: 16%
Magic:  5/5        EV: 14    Int: 10    God:
Gold:   100        SH:  4    Dex: 11    Spells: 4/4 levels left

rFire   . . .      SeeInvis .   a - +0 long sword
rCold   . . .      Faith    .   b - +0 buckler
rNeg    . . .      Spirit   .   (helmet restricted)
rPois   .          Reflect  .   j - amulet of regeneration
rElec   .          Harm     .   (no ring)
rCorr   .          Rampage  .   (no ring)
Will    .....                   (no ring)
Stlth   ++........              (no ring)
HPRegen 1.12/turn               (no ring)
MPRegen 0.09/turn               (no ring)
                                (no ring)
                                (no ring)

@: about to teleport
A: almost no armour, amphibious, 8 rings, camouflage 1, gelatinous body 1,
(nimble swimmer 1), tentacles
a: no special abilities


You were on level 3 of the Dungeon.
You visited 1 branch of the dungeon, and saw 3 of its levels.

You collected 120 gold pieces.
You spent 20 gold pieces at shops.

Inventory:

Hand Weapons
 a - a +0 long sword (weapon)
Missiles
 m - a throwing net (quivered)
Armour
 b - a +0 buckler (worn)
Jewellery
 j - an amulet of regeneration (around mantle)
Wands
 l - a wand of flame (14)
 n - a wand of charming (5)
Scrolls
 d - 3 scrolls of identify
 f - 2 scrolls of noise {unknown}
Potions
 c - a potion of might
 e - 2 potions of lignification {unknown}
 h - 2 potions of berserk rage {unknown}
 i - a potion of curing {unknown}
 k - a potion of mutation {unknown}


   Skills:
 - Level 3.0 Fighting
 - Level 2.0 Long Blades
 * Level 5.0 Dodging
 - Level 4.0 Shields


You had 4 spell levels left.
You didn't know any spells.
Your spell library was empty.

Dungeon Overview and Level Annotations

Branches:
Dungeon (3/15)

Altars:

Shops:
D:1 ?

Annotations:
D:3 Robin


Innate Abilities, Weirdness & Mutations

You cannot wear most types of armour.
You are amphibious.
You can wear up to eight rings at the same time.
Your skin changes colour to match your surroundings (Stealth+).
Your rubbery body absorbs attacks. (AC +1, EV +1)
((You are camouflaged near water. (Stealth+)))
You have tentacles for arms and can constrict up to eight enemies at once.


Message History

Robin roars a battlecry!
The goblin goes into a battle-frenzy!
You block the goblin's attack. The goblin barely misses you.
The goblin hits you with a +0 club! Robin barely misses you.
You hear an angry hiss.
You block the goblin's attack.
The goblin hits you with a +0 dagger. x2
The goblin completely misses you.
A goblin comes into view. It is wielding a +0 club.
Robin throws the goblin at you!
You hit the goblin. Your grab misses the goblin.
The goblin is moderately wounded.
The goblin no longer looks unusually strong.
The goblin misses you. The goblin hits you with a +0 dagger.
* * * LOW HITPOINT WARNING * * *
You hit the goblin.
You kill the goblin!
The goblin no longer looks unusually strong.
The goblin barely misses you. The goblin hits you with a +0 dagger.
* * * LOW HITPOINT WARNING * * *
Robin throws the goblin at you! The goblin closely misses you.
Unknown command.
As you read the scroll of teleportation, it crumbles to dust.
You feel strangely unstable. The goblin closely misses you.
You block the goblin's attack.
Robin says, "Kneel, worm!"
Robin roars a battlecry!
The goblins go into a battle-frenzy!
The goblin hits you with a +0 dagger.
* * * LOW HITPOINT WARNING * * *
Okay, then.
The goblin barely misses you. Robin barely misses you.
Robin hits you with a +0 falchion.
* * * LOW HITPOINT WARNING * * *
The frilled lizard closely misses you. The goblin barely misses you.
Robin throws the goblin at you!
* * * LOW HITPOINT WARNING * * *
The frilled lizard completely misses you.
The goblin hits you with a +0 dagger.
You die...

........
.#.##.#.# ####
### ##......#
# ####.##### #
#.......# #
#.#.###)######
#.#[##.......#
#
#..#g.###....
#.##.#gg###. .
#....@l.#.o .
####g).##.#
...
###)##.#...$.
#.)..g).#
#.##g##.# #.#
.# ... .# ##.#
.# #.# .#


You could see Robin, 3 goblins and a frilled lizard.

Vanquished Creatures
  An orc priest (D:3)
  An orc wizard (D:3)
  2 adders (D:2)
  A dart slug (D:1)
  4 orcs (D:3)
  4 ball pythons
  6 bats
  3 endoplasms
  A giant cockroach (D:2)
  11 goblins
  3 hobgoblins
  6 jackals
  A quokka (D:1)
  2 frilled lizards
  2 kobolds (D:2)
  6 rats
54 creatures vanquished.

Notes
Turn   | Place    | Note
-------+----------+-------------------------------------------
     0 | D:1      | ytrimaz the Octopode Fighter began the quest for the Orb.
     0 | D:1      | Reached XP level 1. HP: 16/16 MP: 1/1
   273 | D:1      | Found a faded altar of an unknown god.
   347 | D:1      | Reached XP level 2. HP: 21/21 MP: 2/2
   555 | D:1      | Found Uxkid's Magic Scroll Shop.
   563 | D:1      | Bought a scroll of identify for 20 gold pieces
  1129 | D:2      | Reached XP level 3. HP: 22/26 MP: 3/3
  1859 | D:2      | Reached skill level 4 in Dodging
  2109 | D:3      | Reached XP level 4. HP: 29/31 MP: 4/4
  2132 | D:3      | Reached XP level 5. HP: 36/36 MP: 5/5
  2365 | D:3      | Noticed Robin
  2379 | D:3      | Reached skill level 5 in Dodging
  2397 | D:3      | Slain by a goblin

Illustrated notes

Levels and vault maps discovered:
D:1:      dpeg_arrival_round_a, layout_basic,
          ebering_ecumenical_altar_sacrificial, serial_shops, nicolae_shop_trees
D:2:      layout_rooms
D:3:      layout_loops_cross, uniq_robin

Skill      XL: |  1  2  3  4  5 |
---------------+----------------+-----
Dodging        | 4 5 |  5.0
Shields        | 4 |  4.0
Fighting       | |  3.0
Long Blades    | |  2.0

Action                   |  1- 3 |  4- 6 || total
-------------------------+-------+-------++-------
Melee: Long sword        |    70 |    31 ||   101
       Constrict         |    15 |     6 ||    21
       Tentacles         |    14 |     7 ||    21
  Use: Scroll            |     2 |     1 ||     3
 Stab: Sleeping          |     8 |     2 ||    10
Armor: Skin              |     5 |     2 ||     7
Dodge: Dodged            |    43 |    40 ||    83
Block: Buckler           |    18 |    12 ||    30

Table legend: (Time is in decaauts)
 A = Elapsed time spent in this place.
 B = Non-inter-level travel time spent in this place.
 C = Inter-level travel time spent in this place.
 D = Time resting spent in this place.
 E = Time spent auto-exploring this place.
 F = Levels seen in this place.
 G = Mean time per level.
                   A        B        C        D        E       F      G
               +--------+--------+--------+--------+--------+-----+--------+
         Total |   2427 |   2379 |     48 |    304 |   1615 |   3 |  809.0 |
       Dungeon |   2427 |   2379 |     48 |    304 |   1615 |   3 |  809.0 |
               +--------+--------+--------+--------+--------+-----+--------+

Top non-repeatable levels by time:
     D:1: 1124 daAuts
     D:2: 945 daAuts
     D:3: 357 daAuts
